General information
- name: BNet
- type: Ladder team game (AT/RT)
- host: Battle.net
- saver: Gobiner
map: CopperCanyon
- players: 6
- length: 52:23
- speed: Fast
- version: 1.21 W3XP
- replay type: Public
» download(387 KB)
Players
team 1 (winner)
Gobiner (
purple | 49 APM | 2561 actions | 52:23)
8 Blademaster
3 Wind Walk
3 Critical Strike
1 Bladestorm
1 Mirror Image
» actions
| Assign group hotkey | 25 | |
| Basic commands | 22 | |
| Build / train | 87 | |
| ESC pressed | 15 | |
| Enter build submenu | 71 | |
| Enter hero's abilities submenu | 8 | |
| Give item / drop item | 4 | |
| Right click | 1232 | |
| Select / deselect | 345 | |
| Select group hotkey | 496 | |
| Use ability | 256 | |
2561 total
» units
» upgrades
| Spiked Barricades | 1 | |
| Liquid Fire | 1 | |
| Armor | 2 | |
| Ranged Weapons | 2 | |
| Reinforced Defenses | 1 | |
| Troll Regeneration | 1 | |
8 total
» buildings
| Altar of Storms | 1 | |
| Orc Burrow | 3 | |
| War Mill | 2 | |
| Voodoo Lounge | 2 | |
| Watch Tower | 80 | |
| Stronghold | 1 | |
| Fortress | 1 | |
| Great Hall | 2 | |
| Beastiary | 2 | |
| Barracks | 1 | |
95 total
» build order
00:07 Altar of Storms
00:13 Orc Burrow
00:28 War Mill
01:24 Voodoo Lounge
01:43 Watch Tower
02:07 Orc Burrow
02:28 Watch Tower
02:53 Watch Tower
02:54 Watch Tower
03:20 Watch Tower
03:31 Watch Tower
03:50 Watch Tower
03:51 Watch Tower
04:10 Watch Tower
04:24 Watch Tower
04:58 Watch Tower
05:06 Watch Tower
06:04 Watch Tower
06:05 Watch Tower
06:05 Watch Tower
06:42 Watch Tower
06:43 Watch Tower
06:46 Watch Tower
06:47 Watch Tower
06:48 Watch Tower
07:27 Watch Tower
07:40 Watch Tower
07:40 Watch Tower
07:41 Watch Tower
08:00 Watch Tower
08:01 Watch Tower
08:19 Stronghold
08:53 Watch Tower
08:54 Watch Tower
09:00 Watch Tower
09:01 Watch Tower
09:17 Watch Tower
09:27 Watch Tower
10:02 Watch Tower
10:03 Watch Tower
10:07 Watch Tower
10:43 Watch Tower
10:45 Watch Tower
10:47 Watch Tower
11:17 Watch Tower
11:18 Watch Tower
11:21 Watch Tower
11:33 Fortress
12:15 Great Hall
12:33 Watch Tower
12:34 Watch Tower
12:36 Watch Tower
14:04 Watch Tower
14:05 Watch Tower
14:07 Watch Tower
14:39 Watch Tower
14:40 Watch Tower
14:41 Watch Tower
14:49 Beastiary
15:54 Beastiary
16:27 Orc Burrow
18:39 Watch Tower
18:40 Watch Tower
18:41 Watch Tower
18:43 Watch Tower
18:44 Watch Tower
19:54 Barracks
25:18 Watch Tower
25:18 Watch Tower
25:19 Watch Tower
25:22 Watch Tower
26:35 Watch Tower
26:35 Watch Tower
26:37 Watch Tower
26:37 Watch Tower
26:39 Watch Tower
27:51 Watch Tower
27:51 Watch Tower
27:53 Watch Tower
27:55 Watch Tower
27:56 Watch Tower
27:57 Watch Tower
28:03 Watch Tower
30:47 Watch Tower
38:49 Voodoo Lounge
39:54 Watch Tower
39:55 Watch Tower
40:05 Watch Tower
40:06 Watch Tower
40:07 Watch Tower
40:08 Watch Tower
40:09 Watch Tower
40:09 Watch Tower
40:57 War Mill
45:32 Great Hall
» items
| Healing Salve | 5 | |
| Lesser Clarity Potion | 10 | |
| Boots of Speed | 1 | |
| Staff of Teleportation | 1 | |
| Orb of Lightning | 1 | |
| Potion of Lesser Invulnerability | 1 | |
| Potion of Mana | 1 | |
| Tiny Great Hall | 1 | |
21 total
kunt.roII (
yellow | 112 APM | 5865 actions | 52:21)
7 Far Seer
3 Feral Spirit
3 Chain Lighting
1 Earth Quake
» actions
| Assign group hotkey | 57 | |
| Basic commands | 159 | |
| Build / train | 87 | |
| ESC pressed | 3 | |
| Enter build submenu | 36 | |
| Enter hero's abilities submenu | 7 | |
| Give item / drop item | 8 | |
| Right click | 2995 | |
| Select / deselect | 591 | |
| Select group hotkey | 1664 | |
| Use ability | 258 | |
5865 total
» units
| Peon | 18 | |
| Troll Batrider | 19 | |
| Goblin Zeppelin | 2 | |
39 total
» upgrades
| Ranged Weapons | 2 | |
| Liquid Fire | 1 | |
| Reinforced Defenses | 1 | |
4 total
» buildings
| Altar of Storms | 3 | |
| Orc Burrow | 5 | |
| War Mill | 1 | |
| Watch Tower | 15 | |
| Voodoo Lounge | 2 | |
| Stronghold | 1 | |
| Fortress | 2 | |
| Beastiary | 2 | |
| Great Hall | 1 | |
32 total
» build order
00:08 Altar of Storms
00:21 Orc Burrow
00:51 War Mill
01:32 Orc Burrow
02:02 Watch Tower
02:28 Voodoo Lounge
02:30 Voodoo Lounge
02:31 Watch Tower
03:36 Watch Tower
03:37 Watch Tower
03:40 Watch Tower
04:54 Stronghold
04:57 Watch Tower
04:58 Watch Tower
05:01 Watch Tower
06:40 Watch Tower
06:41 Watch Tower
07:56 Fortress
07:57 Fortress
08:07 Watch Tower
08:11 Beastiary
08:20 Beastiary
08:22 Orc Burrow
09:12 Watch Tower
09:43 Orc Burrow
10:03 Watch Tower
11:23 Watch Tower
15:32 Great Hall
15:34 Watch Tower
20:03 Altar of Storms
25:17 Altar of Storms
25:29 Orc Burrow
» items
| Healing Salve | 5 | |
| Lesser Clarity Potion | 11 | |
| Scroll of Speed | 3 | |
| Boots of Speed | 1 | |
| Staff of Teleportation | 1 | |
| Potion of Lesser Invulnerability | 2 | |
| Potion of Healing | 3 | |
| Orb of Lightning | 1 | |
| Scroll of Town Portal | 6 | |
33 total
MrFrosty (
green | 84 APM | 4395 actions | 52:21)
4 Archmage
2 Blizzard
2 Brilliance Aura
7 Mountain King
3 Storm Bolt
3 Bash
1 Avatar
» actions
| Assign group hotkey | 17 | |
| Basic commands | 106 | |
| Build / train | 88 | |
| ESC pressed | 4 | |
| Enter build submenu | 57 | |
| Enter hero's abilities submenu | 11 | |
| Give item / drop item | 9 | |
| Right click | 2552 | |
| Select / deselect | 781 | |
| Select group hotkey | 526 | |
| Use ability | 243 | |
4395 total
» units
» upgrades
| Masonry | 2 | |
| Lumber Harvesting | 1 | |
| Magic Sentry | 1 | |
| Sorceress Training | 1 | |
5 total
» buildings
| Altar of Kings | 4 | |
| Farm | 10 | |
| Scout Tower | 32 | |
| Lumber Mill | 2 | |
| Arcane Tower | 11 | |
| Guard Tower | 17 | |
| Keep | 1 | |
| Arcane Sanctum | 1 | |
| Gryphon Aviary | 1 | |
| Arcane Vault | 1 | |
| Town Hall | 1 | |
81 total
» build order
00:09 Altar of Kings
00:20 Farm
00:42 Scout Tower
00:52 Lumber Mill
01:17 Arcane Tower
01:32 Farm
02:05 Scout Tower
02:31 Guard Tower
02:34 Scout Tower
03:24 Guard Tower
03:25 Scout Tower
04:00 Arcane Tower
04:01 Scout Tower
04:19 Keep
04:22 Scout Tower
04:30 Guard Tower
04:38 Scout Tower
05:05 Guard Tower
05:07 Scout Tower
05:09 Guard Tower
05:11 Scout Tower
05:41 Guard Tower
05:58 Guard Tower
06:00 Scout Tower
06:03 Scout Tower
06:31 Scout Tower
06:44 Arcane Sanctum
06:50 Farm
06:51 Farm
06:53 Farm
07:57 Arcane Tower
07:58 Scout Tower
08:04 Farm
08:07 Arcane Tower
08:08 Scout Tower
08:10 Guard Tower
08:49 Guard Tower
09:02 Guard Tower
09:03 Scout Tower
09:51 Scout Tower
09:53 Arcane Tower
09:54 Scout Tower
09:55 Scout Tower
10:25 Arcane Tower
10:28 Scout Tower
10:51 Guard Tower
11:26 Guard Tower
11:28 Scout Tower
11:31 Scout Tower
11:34 Gryphon Aviary
11:37 Arcane Vault
11:42 Town Hall
11:52 Farm
12:00 Guard Tower
12:06 Scout Tower
14:23 Scout Tower
15:05 Scout Tower
15:07 Arcane Tower
15:09 Lumber Mill
15:33 Arcane Tower
16:12 Scout Tower
16:42 Guard Tower
17:10 Scout Tower
17:18 Scout Tower
17:20 Scout Tower
18:43 Guard Tower
18:46 Guard Tower
20:52 Altar of Kings
22:07 Altar of Kings
22:23 Guard Tower
23:49 Farm
23:52 Altar of Kings
23:56 Farm
24:27 Farm
24:54 Scout Tower
25:21 Arcane Tower
26:13 Scout Tower
27:26 Scout Tower
27:54 Scout Tower
29:38 Arcane Tower
29:53 Arcane Tower
» items
| Staff of Teleportation | 1 | |
| Boots of Speed | 1 | |
| Healing Salve | 3 | |
| Potion of Healing | 6 | |
| Scroll of Regeneration | 1 | |
| Lesser Clarity Potion | 1 | |
| Orb of Lightning | 1 | |
14 total
team 2 (loser)
Goddess- (
teal | 99 APM | 5183 actions | 52:14)
5 Death Knight
3 Death Coil
2 Unholy Aura
5 Lich
3 Frost Nova
2 Dark Ritual
» actions
| Assign group hotkey | 65 | |
| Basic commands | 5 | |
| Build / train | 113 | |
| ESC pressed | 7 | |
| Enter build submenu | 31 | |
| Enter hero's abilities submenu | 10 | |
| Give item / drop item | 9 | |
| Right click | 2948 | |
| Select / deselect | 618 | |
| Select group hotkey | 1193 | |
| Use ability | 184 | |
5183 total
» units
| Acolyte | 30 | |
| Ghoul | 3 | |
| Crypt Fiend | 14 | |
| Obsidian Statue | 3 | |
| Frost Wyrm | 8 | |
| Abomination | 1 | |
59 total
» upgrades
| Burrow | 1 | |
| Destroyer Form | 1 | |
| Freezing Breath | 1 | |
| Web | 1 | |
4 total
» buildings
| Graveyard | 1 | |
| Crypt | 1 | |
| Altar of Darkness | 1 | |
| Ziggurat | 8 | |
| Tomb of Relics | 1 | |
| Halls of the Dead | 1 | |
| Spirit Tower | 1 | |
| Slaughterhouse | 1 | |
| Black Citadel | 3 | |
| Sacrificial Pit | 1 | |
| Boneyard | 2 | |
21 total
» build order
00:09 Graveyard
00:14 Crypt
00:45 Altar of Darkness
00:58 Ziggurat
01:24 Tomb of Relics
02:01 Ziggurat
04:27 Halls of the Dead
04:39 Ziggurat
04:43 Spirit Tower
07:25 Slaughterhouse
07:35 Ziggurat
08:56 Black Citadel
08:56 Black Citadel
11:14 Sacrificial Pit
12:35 Boneyard
13:08 Ziggurat
14:12 Ziggurat
15:35 Boneyard
20:25 Ziggurat
20:57 Ziggurat
» items
| Rod of Necromancy | 3 | |
| Potion of Healing | 6 | |
| Dust of Appearance | 5 | |
| Potion of Lesser Invulnerability | 2 | |
| Scroll of Town Portal | 1 | |
| Orb of Corruption | 4 | |
| Scroll of Speed | 1 | |
| Healing Salve | 1 | |
23 total
RAJ. (
blue | 134 APM | 6787 actions | 50:48)
5 Blademaster
3 Wind Walk
2 Critical Strike
4 Shadow Hunter
2 Hex
2 Healing Wave
» actions
| Assign group hotkey | 219 | |
| Basic commands | 3 | |
| Build / train | 96 | |
| Enter build submenu | 33 | |
| Enter hero's abilities submenu | 10 | |
| Remove unit from queue | 5 | |
| Right click | 1970 | |
| Select / deselect | 716 | |
| Select group hotkey | 3521 | |
| Use ability | 214 | |
6787 total
» units
| Peon | 19 | |
| Grunt | 10 | |
| Troll Batrider | 23 | |
| Demolisher | 9 | |
61 total
» upgrades
» buildings
| Altar of Storms | 1 | |
| Orc Burrow | 5 | |
| Barracks | 3 | |
| Voodoo Lounge | 3 | |
| Stronghold | 1 | |
| War Mill | 1 | |
| Fortress | 2 | |
| Beastiary | 3 | |
| Great Hall | 2 | |
| Watch Tower | 12 | |
33 total
» build order
00:06 Altar of Storms
00:19 Orc Burrow
00:38 Barracks
01:27 Orc Burrow
02:24 Voodoo Lounge
03:19 Voodoo Lounge
03:47 Voodoo Lounge
04:19 Stronghold
05:59 Orc Burrow
06:30 War Mill
07:13 Barracks
07:26 Fortress
08:17 Beastiary
08:20 Beastiary
09:02 Beastiary
09:58 Orc Burrow
09:58 Orc Burrow
15:18 Great Hall
19:45 Watch Tower
19:47 Watch Tower
19:52 Watch Tower
20:22 Watch Tower
31:40 Great Hall
35:04 Watch Tower
35:18 Watch Tower
35:20 Watch Tower
35:23 Watch Tower
37:13 Watch Tower
37:14 Watch Tower
38:09 Barracks
42:18 Watch Tower
42:19 Watch Tower
» items
| Healing Salve | 4 | |
| Scroll of Speed | 3 | |
| Lesser Clarity Potion | 3 | |
| Dust of Appearance | 2 | |
| Orb of Lightning | 1 | |
13 total
SWo.o (
red | 68 APM | 3542 actions | 52:20)
5 Archmage
1 Summon Water Elemental
2 Brilliance Aura
2 Blizzard
4 Paladin
2 Holy Light
2 Divine Shield
4 Mountain King
2 Storm Bolt
2 Bash
» actions
| Assign group hotkey | 68 | |
| Basic commands | 269 | |
| Build / train | 101 | |
| ESC pressed | 1 | |
| Enter build submenu | 47 | |
| Enter hero's abilities submenu | 15 | |
| Right click | 1290 | |
| Select / deselect | 792 | |
| Select group hotkey | 781 | |
| Use ability | 178 | |
3542 total
» units
| Peasant | 22 | |
| Footman | 5 | |
| Mortar Team | 8 | |
| Siege Engine | 7 | |
| Knight | 2 | |
| Rifleman | 6 | |
| Gryphon Rider | 3 | |
| Razormane Medicine Man | 1 | |
| Dragonhawk Rider | 3 | |
57 total
» upgrades
| Lumber Harvesting | 1 | |
| Gunpowder | 3 | |
| Masonry | 2 | |
| Barrage | 1 | |
| Fragmentation Shards | 1 | |
| Animal War Training | 1 | |
| Plating | 1 | |
| Storm Hammers | 1 | |
| Cloud | 1 | |
| Flare | 1 | |
13 total
» buildings
| Altar of Kings | 1 | |
| Barracks | 2 | |
| Farm | 12 | |
| Scout Tower | 15 | |
| Arcane Tower | 2 | |
| Keep | 1 | |
| Lumber Mill | 1 | |
| Town Hall | 4 | |
| Guard Tower | 8 | |
| Blacksmith | 1 | |
| Castle | 1 | |
| Workshop | 3 | |
| Gryphon Aviary | 2 | |
| Arcane Vault | 1 | |
54 total
» build order
00:09 Altar of Kings
00:20 Barracks
00:35 Farm
00:49 Farm
01:38 Farm
01:41 Scout Tower
02:10 Arcane Tower
04:44 Keep
04:46 Lumber Mill
04:53 Town Hall
04:59 Scout Tower
05:00 Scout Tower
05:04 Farm
05:31 Scout Tower
05:47 Guard Tower
05:49 Farm
05:55 Blacksmith
06:02 Guard Tower
06:29 Farm
06:43 Farm
07:37 Farm
07:55 Castle
08:27 Workshop
08:50 Workshop
08:56 Workshop
10:13 Farm
11:02 Scout Tower
11:04 Scout Tower
11:37 Guard Tower
11:39 Scout Tower
11:43 Scout Tower
12:45 Guard Tower
14:32 Farm
14:39 Barracks
14:44 Gryphon Aviary
14:48 Gryphon Aviary
15:13 Farm
17:33 Farm
19:02 Arcane Vault
19:15 Scout Tower
19:18 Scout Tower
20:36 Guard Tower
24:13 Town Hall
25:23 Town Hall
25:43 Scout Tower
25:44 Scout Tower
25:46 Scout Tower
25:47 Scout Tower
26:25 Guard Tower
45:07 Town Hall
45:19 Scout Tower
45:55 Arcane Tower
Chat log
(00:15 / Allies) MrFrosty: fs/fl
(00:16 / Allies) MrFrosty: imo
(00:17 / Allies) MrFrosty: go it
(00:39 / Allies) MrFrosty: yah
(00:56 / Allies) MrFrosty: no
(01:58 / Allies) MrFrosty: a shop early???
(01:59 / Allies) MrFrosty: WHAT
(02:17 / Allies) MrFrosty: wolves imo
(02:51 / Allies) MrFrosty: denied his we
(02:53 / Allies) MrFrosty: welp
(02:55 / Allies) MrFrosty: not a nub
(03:32 / Allies) MrFrosty: towers
(03:47 / Allies) MrFrosty: TOWERS
(04:09 / Allies) MrFrosty: nice cancel gob
(04:58 / Allies) MrFrosty: any ideas about pro strats to win this?
(05:11 / Allies) Gobiner: quit because this map sucks?
(05:23 / Allies) MrFrosty: fyi the players are beating this
(05:25 / Allies) MrFrosty: not the map
(07:46 / Allies) MrFrosty: going mk in hope of having a vague chance
(08:27 / Allies) MrFrosty: teals losing alot of fiends
(09:18 / Allies) MrFrosty: owned
(09:34 / Allies) MrFrosty: pally 2nd
(12:59 / Allies) MrFrosty: gold me
(15:43 / Allies) MrFrosty: tbh that was some pro defence
(22:56 / Allies) MrFrosty: fuckkkkkkk
(24:29 / Allies) Gobiner: why would red expo here
(25:43 / Allies) MrFrosty: all these guys are pretty good
(27:07 / Allies) MrFrosty: fight
(27:16 / Allies) MrFrosty: g a y
(28:03 / Allies) MrFrosty: nice
(29:14 / Allies) MrFrosty: fucking owned
(30:41 / Allies) MrFrosty: woot
(31:27 / Allies) MrFrosty: ttttt
(34:44 / Allies) MrFrosty: nicee
(34:50 / Allies) MrFrosty: dk dropped
(36:20 / Allies) MrFrosty: light those morts and i can bolt them down
(36:32 / Allies) MrFrosty: niceee
(39:32 / Allies) MrFrosty: yah
(40:06 / Allies) MrFrosty: imi
(40:11 / Allies) MrFrosty: they have an expo
(40:12 / Allies) MrFrosty: imo
(40:33 / Allies) MrFrosty: o
(41:59 / Allies) MrFrosty: fucking gay
(42:04 / Allies) MrFrosty: 50 gold
(42:28 / Allies) MrFrosty: both of blues heroes
(42:32 / Allies) MrFrosty: hexed while teleporting
(42:58 / Allies) MrFrosty: tanks
(43:25 / Allies) MrFrosty: gob
(43:38 / Allies) kunt.roII: pro
(44:29 / Allies) MrFrosty: there was basically nothing in tjis
(44:42 / Allies) kunt.roII: ?
(45:34 / Allies) MrFrosty: lvl 3 wolves are serious faggot shit against hu
(45:50 / Allies) MrFrosty: need 3 plus towers to stop them before dying
(47:17 / Allies) MrFrosty: gold me for am
(47:19 / Allies) MrFrosty: u g h
(49:01 / Allies) MrFrosty: hes real good
(49:06 / Allies) MrFrosty: at higher levels
(49:33 / All) kunt.roII: 2ez
(49:37 / All) kunt.roII: noobs
(49:54 / Allies) MrFrosty: hero coming back
(49:57 / Allies) MrFrosty: mk is back
(50:05 / Allies) MrFrosty: yah
(50:11 / Allies) MrFrosty: a zepp
(50:21 / Allies) MrFrosty: 1
(50:51 / All) kunt.roII: 2ez
(50:52 / Allies) MrFrosty: wooot
(52:17 / All) kunt.roII: 2
(52:18 / All) kunt.roII: e
(52:19 / All) kunt.roII: z